[Event "NJSK 2023 Meisjes C"]
[Site "Almelo, Netherlands"]
[Date "2023.04.30"]
[Round "1.1"]
[White "Koorevaar, Sarah-Joy"]
[Black "Westerhof, Fleur"]
[Result "0-1"]
[TimeControl "90min/40moves + 30min + 30sec/move"]
[WhiteElo "1067"]
[BlackElo "1743"]

1. d4 d5 2. c4 e6 3. g3 Nf6 4.
Bg2 Be7 5. Bf4 O-O 6. Nd2 c5 7. e3 Nc6 8. Ngf3 Nh5 9. Ne5 Nxf4 10. gxf4 cxd4 11. Nxc6 bxc6 12. exd4 Qb6 13. c5 Qxb2 14.
Nb3 Qc3+ 15. Qd2 Qxd2+ 16. Kxd2 Bd7 17. Rae1 Rfb8 18. Kc2 Bf6 19. Bh3 Rb4 20. a3 Ra4 21. Kc3 Rxa3 22. Ra1 Bxd4+ 23. Kxd4 Rxb3 24. Bg2 Kf8 25. Rhb1 Rxb1 26. Rxb1 Ke7 27. Ke5 a5 28. Ra1 a4 29. Bf3 a3 30. Kd4 Ra4+ 31. Ke3 f6 32.
Bd1 Rc4 33. Rxa3 Rxc5 34. Kd4 Rc4+ 35. Ke3 Kd6 36. Bg4 g5 37. fxg5 Rxg4 38. gxf6 Rg6 0-1

[Event "NJSK 2023 Meisjes C"]
[Site "Almelo, Netherlands"]
[Date "2023.04.30"]
[Round "1.2"]
[White "Liu, Chia-Yun"]
[Black "Grigoriu, Eva"]
[Result "0-1"]
[TimeControl "90min/40moves + 30min + 30sec/move"]
[WhiteElo "1470"]
[BlackElo "1045"]

1. e4 e5 2. Nf3 Nc6 3. Bc4 Bc5 4. c3 h6 5. d4 exd4 6. cxd4 Bb4+ 7. Nc3 Nge7 8. O-O O-O 9. a3 Bxc3 10.
bxc3 d5 11. exd5 Nxd5 12. Qd3 Be6 13. Bd2 Nb6 14. Bxe6 fxe6 15. Qg6 Qf6 16. Qg3 Rac8 17. Ne5 Kh7 18. f4 Nxe5 19. fxe5 Qg6 20.
Qh3 Nc4 21. Bf4 c5 22. a4 cxd4 23. cxd4 Rcd8 24. Be3 Rxf1+ 25. Rxf1 Qd3 26. Re1 Nxe3 27. Qxe3 Qxe3+ 28. Rxe3 Rxd4 29.
a5 Ra4 30. Rb3 Rxa5 31. Rxb7 Rxe5 32. Rxa7 Rf5 33. Re7 Rf6 34. g3 Kg6 35. Kg2 h5 36. Kg1 Kh6 37. Kg2 Rg6 38. Kf3 Kg5 39.
Rf7 Rf6+ 40. Rxf6 gxf6 41. h3 e5 42. Ke4 Kg6 43. h4 Kf7 44. Kf5 Ke7 45. g4 hxg4 46. Kxg4 Kf7 47. Kf5 Kg7 48.
h5 Kh6 49. Kg4 e4 50. Kf4 Kxh5 51. Kxe4 Kg4 52. Ke3 Kg3 53. Ke4 Kg4 54. Ke3 f5 55. Ke2 Kg3 56. Ke3 f4+ 57. Ke2 Kg2 58.
Ke1 f3 0-1

[Event "NJSK 2023 Meisjes C"]
[Site "Almelo, Netherlands"]
[Date "2023.04.30"]
[Round "1.3"]
[White "Regterschot, Frederieke"]
[Black "Fu, Janice"]
[Result "0-1"]
[TimeControl "90min/40moves + 30min + 30sec/move"]
[WhiteElo "966"]
[BlackElo "1408"]

1. d4 d5 2. c4 e6 3. Nc3 Nf6 4. f3 c5 5. Bg5 cxd4 6. Qxd4 Nc6 7. Qd1 d4 8. Ne4 Bb4+ 9. Nd2 h6 10.
Bh4 e5 11. e4 dxe3 12. Bxf6 Bxd2+ 13. Ke2 Nd4+ 14. Kd3 Bf5# 0-1

[Event "NJSK 2023 Meisjes C"]
[Site "Almelo, Netherlands"]
[Date "2023.04.30"]
[Round "1.4"]
[White "Jorritsma, Eli Alia"]
[Black "Hardeman, Imara"]
[Result "1-0"]
[TimeControl "90min/40moves + 30min + 30sec/move"]
[WhiteElo "1330"]
[BlackElo "920"]

1. Nf3 c6 2. b3 d6 3. d4 Qc7 4. Bb2 Bg4 5. Nbd2 Nd7 6. e3 e5 7. Be2 Ngf6 8. O-O Be7 9. c4 O-O 10.
Rc1 Rac8 11. b4 Rfe8 12. a4 Qb8 13. b5 cxb5 14. axb5 h6 15. Ra1 Nb6 16. dxe5 dxe5 17. Bxe5 Qa8 18.
Bd4 Qb8 19. Bxb6 axb6 20. Nd4 Bd7 21. N2f3 Ne4 22. Qc2 Nd6 23. Qa2 Qc7 24. Nd2 Bf6 25. Rfe1 Nf5 26. N2f3 Qd8 27. Rad1 Nd6 28.
Qb3 Qc7 29. Rc1 Qc5 30. Red1 Rc7 31. Qa4 Rec8 32. Nb3 Qf5 33. Rxd6 Be6 34. Nbd4 Qg4 35. Nxe6 fxe6 36. Rcd1 Qg6 37. Rxe6 Rf8 38. h3 Qf7 39.
Rxb6 Be7 40. Qc2 Bc5 41. Rbd6 Bxd6 42. Rxd6 Re8 43. c5 Kh8 44. Qc3 Re6 45. Bc4 Qf6 46. Qxf6 Rxf6 47. Rd8+ Kh7 48.
Bd3+ g6 49. Rd6 Rxd6 50. cxd6 Rd7 51. Be4 b6 52. Ne5 Rxd6 53.
Bxg6+ Kg7 54. Bd3 Kf6 55. f4 Rd8 56. Kf2 Ra8 57. Nd7+ Kg7 58. Nxb6 Ra2+ 59. Kf3 Rb2 60. Nd7 Kf7 61.
b6 Ke7 62. Bf5 Kd6 63. g4 Rb5 64. h4 Ke7 65. g5 Rxf5 66. b7 Kxd7 67. b8=Q Ke7 68. Qc7+ Kf8 69. Qc8+ Kg7 70. Qxf5 hxg5 71.
Qxg5+ Kf8 72. Qf6+ 1-0

[Event "NJSK 2023 Meisjes C"]
[Site "Almelo, Netherlands"]
[Date "2023.04.30"]
[Round "1.5"]
[White "Luong, Thao"]
[Black "Van Apeldoorn, Vera"]
[Result "0-1"]
[TimeControl "90min/40moves + 30min + 30sec/move"]
[WhiteElo "804"]
[BlackElo "1153"]

1. e4 e5 2. Nf3 Nc6 3. Bc4 Nf6 4.
Ng5 d5 5. exd5 Nxd5 6. Nxf7 Kxf7 7. Qf3+ Ke8 8. Bxd5 Qf6 9. Nc3 Qxf3 10. Bxf3 Bf5 11. Bxc6+ bxc6 12. d3 Bd6 13. Bd2 Kf7 14.
O-O-O Rhe8 15. Rde1 Rab8 16. Re3 Kg8 17. Rhe1 Bg6 18. Ne4 Bf8 19. Ng3 Bd6 20. Ba5 c5 21. Ne4 Rbc8 22. Nd2 Bf7 23.
Nf3 Bd5 24. Nxe5 Bxg2 25. Kd1 Rf8 26. R1e2 Bxe5 27. Rxe5 Bf3 28. Rxc5 Rce8 29. Bb4 Bxe2+ 30. Kd2 Rxf2 31. Rxc7 Bg4+ 32.
Kc3 Rc8 33. Rxc8+ Bxc8 34. Bc5 Rf7 35. Kb4 g5 36. d4 h5 37. d5 h4 38. Bd6 g4 39. c4 g3 40. hxg3 h3 41. g4 Bxg4 42.
c5 Rd7 43. Kc4 Kf7 44. Bh2 Bf3 45. d6 Bc6 46. b4 a6 47. a3 Ke6 48. Kd4 Rf7 49. Bg3 Rf3 50. Be5 Rxa3 51. Bf4 Rf3 52.
Bh2 Rf7 53. Kc4 Kf5 54. Kd4 Kg4 55. Ke5 Kf3 56. Ke6 Rd7 57. Kf5 Kg2 58. Bf4 h2 59. Bxh2 Kxh2 60. Ke5 Kg3 61. Kd4 Kf4 62.
Kc4 Ke4 63. Kc3 Rb7 64. Kc4 Rh7 65. Kc3 Rh3+ 66. Kc4 Bb5# 0-1

[Event "NJSK 2023 Meisjes C"]
[Site "Almelo, Netherlands"]
[Date "2023.04.30"]
[Round "1.6"]
[White "Hagen, Carlijn"]
[Black "Ganeshram, Niranjana"]
[Result "1-0"]
[TimeControl "90min/40moves + 30min + 30sec/move"]
[WhiteElo "1132"]
[BlackElo "775"]

1. d4 d5 2. Bf4 Nf6 3. e3 e6 4. Nf3 c5 5. c3 Nc6 6. Bd3 c4 7. Bc2 g6 8. Nbd2 Bg7 9. O-O O-O 10.
Re1 Qb6 11. Qb1 e5 12. Nxe5 Nxe5 13. Bxe5 Ng4 14. Bg3 Re8 15. Nf3 Nf6 16. h3 Bd7 17. Ne5 Rad8 18. Nxd7 Nxd7 19. Ba4 Re6 20.
b3 Qa5 21. Bxd7 Rxd7 22. b4 Qa3 23. Qc2 Rde7 24. b5 Qa5 25. Rab1 Rb6 26. a4 Kf8 27. Rb4 Bxd4 28. Qd2 Bc5 29.
Rbb1 Qxa4 30. Qxd5 Rxb5 31. Ra1 Ba3 32. Rxa3 Qxa3 33. Qxb5 Qxc3 34. Rd1 Qc2 35. Qd5 Re6 36. Bf4 Re8 37.
Qd4 c3 38. Bh6+ Ke7 39. Qd6# 1-0

[Event "NJSK 2023 Meisjes C"]
[Site "Almelo, Netherlands"]
[Date "2023.05.01"]
[Round "2.1"]
[White "Westerhof, Fleur"]
[Black "Hagen, Carlijn"]
[Result "1/2-1/2"]
[TimeControl "90min/40moves + 30min + 30sec/move"]
[WhiteElo "1743"]
[BlackElo "1132"]

1. e4 e5 2. Nf3 Nc6 3. d4 exd4 4. Bc4 Be7 5. Nxd4 Nf6 6. Nc3 O-O 7. O-O Re8 8. Re1 Ne5 9. Bf1 Bc5 10.
Nb3 Bb6 11. Na4 d6 12. Nxb6 axb6 13. Bg5 h6 14. Bh4 Ng6 15. Bxf6 Qxf6 16. c3 Qg5 17. Nd4 Nf4 18. Kh1 Qg6 19.
Qf3 Nh5 20. Qd3 Bd7 21. g3 c5 22. Nf5 1/2-1/2

[Event "NJSK 2023 Meisjes C"]
[Site "Almelo, Netherlands"]
[Date "2023.05.01"]
[Round "2.2"]
[White "Fu, Janice"]
[Black "Rutten, Lenthe"]
[Result "1-0"]
[TimeControl "90min/40moves + 30min + 30sec/move"]
[WhiteElo "1408"]
[BlackElo "604"]

1. e4 e5 2. Nf3 Nc6 3. Bc4 h6 4. c3 Nf6 5. d3 Bc5 6. d4 Bd6 7. d5 Ne7 8. Bd3 O-O 9. Nbd2 c6 10.
Nc4 cxd5 11. Nxd6 Qb6 12. Nxc8 Raxc8 13. Nd2 dxe4 14. Nxe4 Nxe4 15. Bxe4 Rc4 16. Bd5 Nxd5 17. Qxd5 Qc7 18.
O-O Rc5 19. Qd3 d5 20. Qg3 Kh7 21. f4 d4 22. cxd4 exd4 23. Qd3+ g6 24. f5 Rd8 25. Bf4 Qc6 26. fxg6+ fxg6 27.
Rac1 Qb5 28. Qxb5 Rxb5 29. Rc7+ Kg8 30. b3 g5 31. Bd2 Rf8 32. Rxf8+ Kxf8 33. Rd7 Ra5 34. Bxa5 1-0

[Event "NJSK 2023 Meisjes C"]
[Site "Almelo, Netherlands"]
[Date "2023.05.01"]
[Round "2.3"]
[White "Van Apeldoorn, Vera"]
[Black "Jorritsma, Eli Alia"]
[Result "1/2-1/2"]
[TimeControl "90min/40moves + 30min + 30sec/move"]
[WhiteElo "1153"]
[BlackElo "1330"]

1. d4 g6 2. e4 Bg7 3. Nc3 d6 4. Be3 Nd7 5. Qd2 a6 6. f3 b5 7. g4 Bb7 8. h4 Ngf6 9. Bh6 Bxh6 10.
Qxh6 c6 11. Nge2 Qc7 12. Qd2 O-O-O 13. Ng3 e5 14. O-O-O h5 15. g5 Nh7 16. Bh3 Nhf8 17. Rhf1 Ne6 18. Nge2 Rhf8 19. a3 Kb8 20.
Kb1 a5 21. Rde1 a4 1/2-1/2

[Event "NJSK 2023 Meisjes C"]
[Site "Almelo, Netherlands"]
[Date "2023.05.01"]
[Round "2.4"]
[White "Grigoriu, Eva"]
[Black "Koorevaar, Sarah-Joy"]
[Result "1/2-1/2"]
[TimeControl "90min/40moves + 30min + 30sec/move"]
[WhiteElo "1045"]
[BlackElo "1067"]

1. c4 e5 2. Nc3 Nf6 3. g3 Nc6 4. Bg2 Bc5 5. e3 O-O 6. Nge2 Re8 7. O-O e4 8. Qc2 Nb4 9. Qb1 Nd3 10.
Nxe4 Nxe4 11. Qxd3 Nf6 12. a3 Bd6 13. b4 Be5 14. Rb1 d5 15. c5 g6 16. f4 Bf5 17. e4 Nxe4 18. fxe5 Nxc5 19.
Qc3 Na4 20. Qb3 Bxb1 21. Bxd5 Bf5 22. Bxf7+ Kg7 23. Bxe8 Qxe8 24. Nd4 Qd7 25. Nxf5+ gxf5 26. e6 Qd4+ 27. Kg2 Qe4+ 28. Rf3 Qe2+ 29. Rf2 Qe4+ 30. Kg1 b5 31.
d3 Qd4 32. Kg2 Kf6 33. h4 Re8 34. Bg5+ Kg6 35. e7 Qe5 36. Qb1 h6 37.
Bd2 Rxe7 38. Qc1 Qd5+ 39. Kh2 Rh7 40. Bxh6 Qd8 41. Qc6+ Qf6 42. Qxb5 Nc3 43. Qe8+ Qf7 44. Qxf7+ Rxf7 45.
Bf4 Rd7 46. Rf3 Na4 47. Bc1 a6 48. Re3 Rd6 49. Kg2 c5 50. Kf3 Kf6 51. Ke2 Nc3+ 52. Kd2 cxb4 53. axb4 Nb5 54. Bb2+ Kg6 55.
Ke2 Kh5 56. Be5 Rd5 57. Kf3 Nd4+ 58. Kf4 Kg6 59. g4 fxg4 60. Kxg4 Nc2 61. Re4 Rxd3 62. Bf4 Rb3 63. Re6+ Kh7 64.
Rxa6 Rxb4 65. Rf6 Kg7 66. Rf5 Ne3+ 67. Kg5 Nxf5 68. Kxf5 Rb1 69. h5 Rh1 70. h6+ Rxh6 71. Bxh6+ Kxh6 72. Ke4 1/2-1/2

[Event "NJSK 2023 Meisjes C"]
[Site "Almelo, Netherlands"]
[Date "2023.05.01"]
[Round "2.5"]
[White "Hardeman, Imara"]
[Black "Liu, Chia-Yun"]
[Result "0-1"]
[TimeControl "90min/40moves + 30min + 30sec/move"]
[WhiteElo "920"]
[BlackElo "1470"]

1. e4 e5 2. Nf3 Nc6 3. c3 d5 4.
Qa4 f6 5. Bb5 Nge7 6. O-O Bd7 7. Re1 a6 8. Be2 Nd4 9. Qd1 Nxe2+ 10. Qxe2 dxe4 11. Qxe4 Bc6 12. Qe2 Qd7 13. Rd1 O-O-O 14. d4 e4 15. Nfd2 f5 16. Nc4 Ng6 17. Bg5 Be7 18.
Bxe7 Qxe7 19. Nbd2 Qg5 20. Qe3 Nf4 21. g3 Nh3+ 22. Kf1 f4 23. gxf4 Qg1+ 24. Ke2 Qg4+ 25. Kf1 Nxf4 26. Qg3 Qe2+ 27.
Kg1 Nd3 28. Qe3 Qg4+ 29. Qg3 Qh5 30. h3 Kb8 31. Qg4 Qd5 32. Qg3 e3 33. Nxe3 Qh1# 0-1

[Event "NJSK 2023 Meisjes C"]
[Site "Almelo, Netherlands"]
[Date "2023.05.01"]
[Round "2.6"]
[White "Ganeshram, Niranjana"]
[Black "Regterschot, Frederieke"]
[Result "0-1"]
[TimeControl "90min/40moves + 30min + 30sec/move"]
[WhiteElo "775"]
[BlackElo "966"]

1. c4 e6 2. Nc3 Nf6 3. g3 d5 4. d3 Nc6 5. Bg2 Bb4 6. e4 d4 7. a3 Ba5 8. b4 Nxb4 9. axb4 Bxb4 10.
Qa4+ c6 11. Qxb4 dxc3 12. Qxc3 h6 13. Nf3 O-O 14. O-O a5 15. e5 Nd7 16. Nh4 Nc5 17. d4 Nd7 18. Qe3 Nb6 19. c5 Nd5 20.
Bxd5 exd5 21. Ra3 b5 22. cxb6 Qxb6 23. Qf4 a4 24. Rf3 Be6 25. Rd1 Qb1 26. Ng2 a3 27. Rxa3 Rxa3 28. Ne3 Ra4 29.
Qf3 Rb8 30. Nf5 Qxf5 31. Qc3 Rc4 32. Qa5 Rb1 33. Qd2 Qe4 34. Re1 Qxe1+ 35. Qxe1 Rbxc1 36. Qxc1 Rxc1+ 37. Kg2 Rd1 38. g4 Bxg4 39.
f3 Rxd4 40. fxg4 Rxg4+ 41. Kf3 Re4 42.
e6 c5 43. e7 c4 44. e8=Q+ Rxe8 45. h4 c3 46. h5 c2 47.
Kf4 c1=Q+ 48. Kf3 Re4 49. Kf2 Qe1+ 50. Kg2 Re3 51. Kh2 d4 52. Kg2 Rg3+ 53. Kh2 Qg1# 0-1

[Event "NJSK 2023 Meisjes C"]
[Site "Almelo, Netherlands"]
[Date "2023.05.02"]
[Round "3.1"]
[White "Westerhof, Fleur"]
[Black "Fu, Janice"]
[Result "1/2-1/2"]
[TimeControl "90min/40moves + 30min + 30sec/move"]
[WhiteElo "1743"]
[BlackElo "1408"]

1. e4 e5 2. Nf3 Nc6 3. d4 exd4 4. Bc4 Nf6 5. O-O Be7 6. Re1 d6 7. Nxd4 Ne5 8. Bb3 O-O 9. f4 Ng6 10.
h3 c5 11. Nf3 Qb6 12. c4 Rd8 13. Nc3 Bd7 14. Qc2 Bc6 15. Nd5 Bxd5 16. exd5 Nd7 17. Bd2 Bf6 18. Re2 Re8 19. Rae1 Rxe2 20.
Rxe2 Bd4+ 21. Nxd4 cxd4 22. Qd3 Nf6 23. Kh2 a5 24. Bc1 Rc8 25. Re1 Re8 26. Rxe8+ Nxe8 27. Ba4 Nf6 28. Bb5 Nh5 29.
g3 Qa7 30. b3 b6 31. Qxd4 Qe7 32. Qe3 Qf6 33. Qe2 Qc3 34. Qe3 Qc2+ 35. Qd2 Qe4 36. Bd7 Nf6 37. Bc8 Ne7 38. Bb7 Nf5 39.
Bc6 Nd4 40. Qe3 Qc2+ 41. Kh1 Ne2 42. Bd2 Ne4 1/2-1/2

[Event "NJSK 2023 Meisjes C"]
[Site "Almelo, Netherlands"]
[Date "2023.05.02"]
[Round "3.2"]
[White "Jorritsma, Eli Alia"]
[Black "Grigoriu, Eva"]
[Result "1-0"]
[TimeControl "90min/40moves + 30min + 30sec/move"]
[WhiteElo "1330"]
[BlackElo "1045"]

1. Nf3 Nc6 2. d4 d5 3. b3 Bf5 4. a3 a6 5. Bb2 e6 6. e3 Bd6 7. Bd3 Bg4 8. Nbd2 Nge7 9. O-O f6 10.
c4 Nf5 11. h3 Bxf3 12. Nxf3 dxc4 13. bxc4 Qd7 14. Qc2 g6 15. e4 Ng7 16. d5 Ne5 17. Nxe5 Bxe5 18. Bxe5 fxe5 19. Qb2 Rb8 20.
Qxe5 O-O 21. Rab1 Rfe8 22. Qc3 c6 23. dxc6 Qxc6 24. Rfd1 Rec8 25. Rbc1 Rc7 26. Rd2 Rbc8 27. Rdc2 Ne8 28.
e5 Ng7 29. Be2 Nf5 30. Bf3 Qc5 31. Bg4 b5 32. Bxf5 gxf5 33. Qa5 Qxe5 34. Qxa6 Kf7 35. a4 bxa4 36. Qxa4 Qd4 37. Qb3 Kf6 38.
Qc3 Qxc3 39. Rxc3 Ke5 40. Kh2 f4 41. h4 h5 42. g3 Rf7 43. Kg2 Kd4 44. Rf3 e5 45. gxf4 exf4 46. Rfc3 Ke4 47.
f3+ Kd4 48. Kf2 Rg7 49. c5 Rg3 50. Rc4+ Kd5 51. Rxf4 Rg6 52. Rf5+ Kd4 53. Rxh5 Rf6 54. Rg5 Rcc6 55. h5 Rh6 56.
Kg3 Ke3 57. Kg4 Rhf6 58. Re5+ Kd4 59. f4 Rh6 60. Rce1 Kc4 61. f5 Rxc5 62. Rc1+ Kd4 63. Rexc5 Ke4 64. Rc6 Rh7 65. Rd1 Ke3 66.
Re6+ Kf2 67. Rd2+ Kf1 68. Rc6 Re7 69. Rc1+ Re1 70. Rxe1+ Kxe1 71. Rh2 Kf1 72. Kg3 Ke1 73. Kf3 Kd1 74.
Ke3 Kc1 75. Kd3 Kb1 76. Kc3 Ka1 77. Kb3 Kb1 78. Rh1# 1-0

[Event "NJSK 2023 Meisjes C"]
[Site "Almelo, Netherlands"]
[Date "2023.05.02"]
[Round "3.3"]
[White "Hagen, Carlijn"]
[Black "Van Apeldoorn, Vera"]
[Result "1-0"]
[TimeControl "90min/40moves + 30min + 30sec/move"]
[WhiteElo "1132"]
[BlackElo "1153"]

1. d4 Nf6 2. Bf4 g6 3. e3 Bg7 4. Bd3 O-O 5. Nf3 d6 6. c3 Nfd7 7. Qc2 e5 8. dxe5 dxe5 9. Bg3 Qe7 10.
Nbd2 Nc6 11. h4 f5 12. Bc4+ Kh8 13. h5 gxh5 14. Rxh5 Nf6 15. Rh1 Be6 16. Nxe5 Nxe5 17. Bxe5 Bxc4 18.
Nxc4 b5 19. Bxf6 Bxf6 20. Nd2 Rad8 21. O-O-O Bg7 22. g4 Qe5 23. g5 Rd6 24. Nf3 Rxd1+ 25. Qxd1 Qe6 26. Nd4 Qxa2 27. Qh5 Qg8 28.
Ne6 Rc8 29. g6 Bf6 30. Qxf5 Bg7 31. Rxh7+ Qxh7 32. gxh7 Re8 33. Nxg7 Kxg7 34. Qg5+ Kh8 35. Qf6+ Kxh7 36. Qf7+ Kh6 37.
Qxe8 c5 38. Qg8 b4 39. Kd1 bxc3 40. bxc3 a5 41. Ke2 a4 42. Kf3 a3 43. Kf4 a2 44. Kf5 c4 45. Qg6+ 1-0

[Event "NJSK 2023 Meisjes C"]
[Site "Almelo, Netherlands"]
[Date "2023.05.02"]
[Round "3.4"]
[White "Liu, Chia-Yun"]
[Black "Luong, Thao"]
[Result "1/2-1/2"]
[TimeControl "90min/40moves + 30min + 30sec/move"]
[WhiteElo "1470"]
[BlackElo "804"]

1. e4 e5 2. Nf3 Nc6 3. Bc4 Bc5 4. c3 Nf6 5. d3 O-O 6. a4 a5 7. O-O h6 8. Nbd2 d6 9. h3 Re8 10.
Qb3 Qe7 11. Re1 Rb8 12. Nf1 Be6 13. Bxe6 Qxe6 14. Qxe6 Rxe6 15. Ng3 b5 16. Re2 b4 17. Be3 bxc3 18. Bxc5 cxb2 19. Rb1 dxc5 20.
Rexb2 Rb4 21. Rxb4 cxb4 22. Kf1 Nd7 23. Nf5 Nc5 24. Ke2 Nxa4 25. Kd2 Nc3 26. Ra1 Re8 27. Ne1 Rd8 28. f3 Ra8 29.
Nc2 Nb5 30. Nfe3 Ncd4 31. Nxd4 Nxd4 32. Kd1 b3 33. Kc1 a4 34. Kb2 Nb5 35. Nc4 f6 36. Nd2 Nd4 37. Nc4 Nc2 38. Rc1 Nb4 39.
Rd1 Nc2 40. Na3 Nxa3 41. Kxa3 Kf8 42. Rc1 Ra7 43. Rd1 Ke7 44. d4 Kd6 45. dxe5+ Kxe5 46. g3 c6 47. Rd3 g5 48. Rd1 f5 49.
exf5 Kxf5 50. Rd6 c5 51. Rd5+ Ke6 52. Rxc5 Rf7 53. Rc6+ Kd5 54. Rxh6 Rxf3 55. h4 Rxg3 56. hxg5 Rxg5 57.
Kxa4 b2 58. Rb6 Rg2 59. Ka3 1/2-1/2

[Event "NJSK 2023 Meisjes C"]
[Site "Almelo, Netherlands"]
[Date "2023.05.02"]
[Round "3.5"]
[White "Rutten, Lenthe"]
[Black "Regterschot, Frederieke"]
[Result "0-1"]
[TimeControl "90min/40moves + 30min + 30sec/move"]
[WhiteElo "604"]
[BlackElo "966"]

1. d4 d5 2. c4 c6 3. Nc3 Nf6 4.
Bg5 Bf5 5. e3 Ne4 6. Bd3 Nxg5 7. Bxf5 dxc4 8. d5 cxd5 9. Nxd5 e6 10. Qa4+ Nc6 11. Nb4 Bxb4+ 12. Ke2 exf5 13. a3 Qd3# 0-1

[Event "NJSK 2023 Meisjes C"]
[Site "Almelo, Netherlands"]
[Date "2023.05.02"]
[Round "3.6"]
[White "Koorevaar, Sarah-Joy"]
[Black "Hardeman, Imara"]
[Result "1-0"]
[TimeControl "90min/40moves + 30min + 30sec/move"]
[WhiteElo "1067"]
[BlackElo "920"]

1. d4 d6 2. c4 c6 3. g3 Qc7 4.
Bg2 Nf6 5. Nf3 Bg4 6. O-O e5 7. Bg5 Be7 8. d5 h6 9. Bxf6 Bxf6 10. Nbd2 Nd7 11. Ne4 Be7 12. Rc1 O-O 13. c5 Nxc5 14.
Nxe5 Bf5 15. Nxc5 dxc5 16. Nc4 Rad8 17. e4 Be6 18. Rc2 cxd5 19. exd5 b5 20. Ne3 Rd6 21. Qc1 Bd7 22. Rxc5 Qb7 23.
Qc2 Qb8 24. Re1 Ra6 25. Rc7 Rc8 26. Rxc8+ Bxc8 27. Nf1 Bf8 28. Re8 Bf5 29. Rxf8+ Kxf8 30. Qxf5 Rxa2 31. Qd7 Qe8 32. Qd6+ Qe7 33.
Qf4 Qe1 34. Qc7 Qe7 35. d6 Qe5 36. Qc8+ Qe8 37. d7 Qxc8 38.
dxc8=Q+ 1-0

[Event "NJSK 2023 Meisjes C"]
[Site "Almelo, Netherlands"]
[Date "2023.05.03"]
[Round "4.1"]
[White "Fu, Janice"]
[Black "Jorritsma, Eli Alia"]
[Result "1/2-1/2"]
[TimeControl "90min/40moves + 30min + 30sec/move"]
[WhiteElo "1408"]
[BlackElo "1330"]

1. e4 g6 2. d4 Bg7 3. Nf3 d6 4. Be3 Nd7 5. Bc4 h6 6. Bd3 a6 7. c4 Ngf6 8. h3 c5 9. Nc3 b6 10.
e5 Nh7 11. e6 Ndf6 12. exf7+ Kxf7 13. Nh4 Nf8 14. Qc2 g5 15. Ng6 Nxg6 16. Bxg6+ Kg8 17. d5 Bd7 18. f4 gxf4 19. Bxf4 Be8 20.
Ne4 Bxg6 21. Nxf6+ Kf7 22. Ne4 Bxe4 23. Qxe4 Bxb2 24. Rb1 Bf6 25. Qe6+ Kg6 26. Rb3 Rg8 27. Rg3+ Kh7 28. Qe4+ Kh8 29.
Rxg8+ Qxg8 30. Bxh6 Qh7 31. Qxh7+ Kxh7 32. Bd2 b5 33. O-O b4 34. g4 Kg6 35. Rf3 Rb8 36. Bc1 a5 37. Rb3 a4 38.
Rb1 Kf7 39. Bb2 Bxb2 40. Rxb2 1/2-1/2

[Event "NJSK 2023 Meisjes C"]
[Site "Almelo, Netherlands"]
[Date "2023.05.03"]
[Round "4.2"]
[White "Regterschot, Frederieke"]
[Black "Hagen, Carlijn"]
[Result "0-1"]
[TimeControl "90min/40moves + 30min + 30sec/move"]
[WhiteElo "966"]
[BlackElo "1132"]

1. e4 e5 2. Nf3 Nc6 3. Bc4 f5 4. d3 Bc5 5. Bxg8 Rxg8 6. exf5 d5 7. Nxe5 Qe7 8. Qh5+ Kf8 9. Qxh7 Qxe5+ 10. Kf1 Bxf5 11. Qh5 Bxd3+ 12. cxd3 Qxh5 13. Bf4 Qd1# 0-1

[Event "NJSK 2023 Meisjes C"]
[Site "Almelo, Netherlands"]
[Date "2023.05.03"]
[Round "4.3"]
[White "Grigoriu, Eva"]
[Black "Westerhof, Fleur"]
[Result "0-1"]
[TimeControl "90min/40moves + 30min + 30sec/move"]
[WhiteElo "1045"]
[BlackElo "1743"]

1. e3 Nf6 2. c4 e6 3. Nc3 d5 4.
b3 Be7 5. Bb2 O-O 6. d4 c5 7. Nf3 b6 8. Bd3 Nc6 9. Ba3 Nb4 10. h3 cxd4 11. exd4 Nxd3+ 12. Qxd3 Bxa3 13. O-O Bb7 14.
Ne5 Nd7 15. Rfe1 Nxe5 16. Rxe5 dxc4 17. bxc4 Bd6 18. Ree1 Qg5 19. Ne4 Qg6 20. Re3 Bf4 21. Ree1 Rfd8 22. Rad1 Be5 23. Qe3 Qxe4 24. Qxe4 Bxe4 25. Rxe4 Bf6 26.
d5 Rd6 27. Re2 Rc8 28. Rc2 exd5 29. Rdd2 d4 30. Rd1 Rdc6 31. f4 Rxc4 32. Rxc4 Rxc4 33. Rd2 Kf8 34. Kf2 Ke7 35. Kf3 Kd6 36.
Ke4 g6 37. f5 g5 38. Kf3 Rc3+ 39. Kg4 Ke5 40. Re2+ Re3 41. Rd2 Re4+ 42. Kf3 Kxf5 43. g4+ Ke5 44. Kg3 Re3+ 45. Kf2 Rxh3 46.
Kg2 Re3 47. Kf1 Ke4 48. Kf2 d3 49. Kf1 Bc3 50. Rd1 d2 51. Rxd2 Bxd2 52. Kf2 Be1+ 53. Kf1 Kf3 54. Kg1 Bg3 55.
Kh1 Re1# 0-1

[Event "NJSK 2023 Meisjes C"]
[Site "Almelo, Netherlands"]
[Date "2023.05.03"]
[Round "4.4"]
[White "Van Apeldoorn, Vera"]
[Black "Liu, Chia-Yun"]
[Result "1-0"]
[TimeControl "90min/40moves + 30min + 30sec/move"]
[WhiteElo "1153"]
[BlackElo "1470"]

1. d4 d5 2. c4 e6 3. Nc3 Nf6 4. cxd5 exd5 5. Bg5 Be7 6. e3 c6 7. Bd3 O-O 8. Nge2 Re8 9. O-O Nbd7 10.
Qc2 h6 11. Bf4 Nf8 12. f3 Nh5 13. Qd2 Nxf4 14. Nxf4 Bg5 15. Nce2 b5 16. Rac1 Qd6 17. Rfe1 a5 18. a3 Bd7 19.
Bb1 Ne6 20. Nxe6 Qxe6 21. Nf4 Qf6 22. Rcd1 a4 23. Qd3 Bf5 24. Qxf5 Qxf5 25. Bxf5 Bxf4 26. exf4 Rxe1+ 27. Rxe1 Rd8 28.
Re7 Kf8 29. Rc7 Rd6 30. Kf2 Ke8 31. g4 g6 32. Bd3 Rf6 33. f5 g5 34. Kg3 Kd8 35. Ra7 Ke8 36. f4 Kd8 37. h4 gxh4+ 38. Kxh4 Ke8 39. g5 hxg5+ 40. fxg5 Rd6 41. Rc7 Kf8 42. g6 fxg6 43. fxg6 Kg8 44. Bf5 Rf6 45. Kg5 Rf8 46. Rc8 Rxc8 47.
Bxc8 c5 48. dxc5 d4 49. Bf5 b4 50. c6 bxa3 51. bxa3 d3 52. Bxd3 Kf8 53. c7 Kg7 54. Kf4 Kf6 55. c8=Q Kg7 56.
Qd7+ Kf6 57. Qf5+ Kg7 58. Qf7+ Kh8 59. Qh7# 1-0

[Event "NJSK 2023 Meisjes C"]
[Site "Almelo, Netherlands"]
[Date "2023.05.03"]
[Round "4.5"]
[White "Luong, Thao"]
[Black "Koorevaar, Sarah-Joy"]
[Result "0-1"]
[TimeControl "90min/40moves + 30min + 30sec/move"]
[WhiteElo "804"]
[BlackElo "1067"]

1. e4 c5 2. Nf3 Nc6 3. d4 cxd4 4. Nxd4 e6 5. f3 Qc7 6. Nc3 a6 7. Be3 b5 8. a3 Bb7 9. a4 b4 10.
Nce2 Nf6 11. g4 Bc5 12. Nxe6 dxe6 13. Bxc5 Rd8 14. Qc1 Ne5 15. Qe3 Nc4 16. Qf2 Nxb2 17. Ra2 Rd1# 0-1

[Event "NJSK 2023 Meisjes C"]
[Site "Almelo, Netherlands"]
[Date "2023.05.03"]
[Round "4.6"]
[White "Rutten, Lenthe"]
[Black "Ganeshram, Niranjana"]
[Result "1/2-1/2"]
[TimeControl "90min/40moves + 30min + 30sec/move"]
[WhiteElo "604"]
[BlackElo "775"]

1. d4 d5 2. c4 e6 3. Nc3 Nf6 4.
Bg5 c5 5. Nf3 Nc6 6. e3 Bd6 7. Bxf6 Qxf6 8. cxd5 cxd4 9. Nxd4 Nxd4 10. Qxd4 Be5 11. Bb5+ Bd7 12. Bxd7+ Kxd7 13. dxe6+ Ke8 14.
Qd7+ Kf8 15. Nd5 Qxe6 16. Qxe6 fxe6 17. Nf4 Bxb2 18. Nxe6+ Ke7 19. Rb1 Bc3+ 20. Ke2 Kxe6 21. Rxb7 g5 22.
Rc1 Be5 23. Rc6+ Kf5 24. f3 g4 25. h3 gxf3+ 26. Kxf3 Rhf8 27. Ke2 Rf6 28. Rxf6+ Kxf6 29. Rxh7 a5 30. g4 Rb8 31. Kf3 Rb2 32.
Rh6+ Kg7 33. Re6 Bf6 34. Ra6 Rxa2 35. Kf4 a4 36. Kf5 Rf2+ 37. Ke4 Ra2 38. Kd3 a3 39. Kc4 Bb2 40. Kb3 Ra1 41.
e4 Rb1 42. h4 Ra1 43. h5 Rh1 44. e5 Kf7 45. e6+ Ke7 46. Kc4 Rg1 47. Kd5 Rd1+ 48. Kc4 Rd6 49. Rxd6 Kxd6 50. Kb3 Kxe6 51.
h6 Kf6 52. g5+ Kg6 53. Ka2 Kh7 54. Kb3 1/2-1/2

[Event "NJSK 2023 Meisjes C"]
[Site "Almelo, Netherlands"]
[Date "2023.05.04"]
[Round "5.1"]
[White "Hagen, Carlijn"]
[Black "Fu, Janice"]
[Result "1/2-1/2"]
[TimeControl "90min/40moves + 30min + 30sec/move"]
[WhiteElo "1132"]
[BlackElo "1408"]

1. d4 d5 2. Bf4 Nf6 3. e3 e6 4. Nf3 Bd6 5. Bg3 c5 6. c3 Qc7 7. Bd3 Nbd7 8. Nbd2 b6 9. Qb1 Bb7 10.
b3 Bxg3 11. hxg3 h6 12. Qc2 a6 13. a4 Rc8 14. Rc1 Qd8 15. Qb2 Ne4 16. O-O O-O 17. c4 f5 18. Bb1 h5 19. dxc5 Ndxc5 20. Nxe4 fxe4 21. Ne5 Qf6 22. f4 Nd7 23. Qd4 Nxe5 24. fxe5 Qg5 25. Qxb6 Bc6 26. Qc5 Qxg3 27. Rce1 dxc4 28.
Qxc4 Rxf1+ 29. Qxf1 Rf8 30. Qe2 Qxe5 31. Qxa6 Qb2 32. Qxc6 Qf2+ 33. Kh2 Qxe1 34. Qxe6+ Kh8 35. Qxe4 Kg8 36.
Qh7+ Kf7 37. Qxh5+ Ke6 38. Qg4+ Kd6 39. Qd4+ Ke6 40. Qc4+ Kd6 41. Qa6+ Ke5 42. Qb5+ Kd6 43. Qd3+ Ke6 44.
Qg6+ Rf6 45. Qg4+ Kd6 1/2-1/2

[Event "NJSK 2023 Meisjes C"]
[Site "Almelo, Netherlands"]
[Date "2023.05.04"]
[Round "5.2"]
[White "Jorritsma, Eli Alia"]
[Black "Westerhof, Fleur"]
[Result "0-1"]
[TimeControl "90min/40moves + 30min + 30sec/move"]
[WhiteElo "1330"]
[BlackElo "1743"]

1. Nf3 Nf6 2. b3 d5 3. Bb2 Bg4 4. e3 e6 5. d4 Be7 6. Be2 O-O 7. O-O c5 8. Nbd2 Nc6 9. c4 Bd6 10.
Rc1 b6 11. cxd5 exd5 12. dxc5 Bxc5 13. a3 Rc8 14. Bb5 Nb8 15. b4 Be7 16. Qb3 a6 17. Bd3 Be6 18. Nd4 Qd7 19. N2f3 b5 20.
Rc2 Rxc2 21. Qxc2 Rc8 22. Qd2 Ne4 23. Qe2 Nc3 24. Qd2 Ne4 25. Qe2 Bg4 26. Rc1 Rxc1+ 27. Bxc1 Bh4 28. g3 Bf6 29.
Qe1 Nc6 30. Bb2 Bxf3 0-1